 Dungeon Crawl Stone Soup version 0.31-a0-844-gdc52ec4e09 (webtiles) character file.

Game seed: 3748116413770120218

16 Kurtz the Chopper (level 2, -2/21 HPs)
             Began as an Octopode Fighter on Sept 29, 2023.
             Slain by a goblin
             ... wielding a +1 dagger of venom
              (4 damage)
             ... on level 1 of the Dungeon.
             The game lasted 00:00:52 (272 turns).

Kurtz the Chopper (Octopode Fighter)                 Turns: 272, Time: 00:00:53

Health: -2/21      AC:  1    Str: 15    XL:     2   Next: 58%
Magic:  2/2        EV: 13    Int: 10    God:
Gold:   9          SH:  4    Dex: 11    Spells: 1/1 levels left

rFire   . . .        a - +0 war axe
rCold   . . .        b - +0 buckler
rNeg    . . .        (helmet restricted)
rPois   .            (no amulet)
rElec   .            (no ring)
rCorr   .            (no ring)
SInv    .            (no ring)
Will    .....        (no ring)
Stlth   ++           (no ring)
HPRegen 0.23/turn    (no ring)
MPRegen 0.08/turn    (no ring)
                     (no ring)

%: no passive effects
@: no status effects
A: almost no armour, amphibious, 8 rings, camouflage 1, gelatinous body 1,
(nimble swimmer 1), tentacles
a: no special abilities


You were on level 1 of the Dungeon.
You visited 1 branch of the dungeon, and saw 1 of its levels.

You collected 9 gold pieces.

Inventory:

Hand Weapons
 a - a +0 war axe (weapon)
Armour
 b - a +0 buckler (worn)
Potions
 c - a potion of might


   Skills:
 - Level 3.0 Fighting
 * Level 3.1 Axes
 - Level 3.0 Dodging
 - Level 3.0 Shields


You had one spell level left.
You didn't know any spells.
Your spell library contained the following spells:

 Spells                   Type           Power      Damage    Failure   Level
 Apportation              Tloc           0%         N/A       45%         1
 Necrotise                Necr           0%         1d4       45%         1
 Summon Small Mammal      Summ           0%         N/A       45%         1
 Poisonous Vapours        Pois/Air       0%         N/A       58%         2
 Mephitic Cloud           Conj/Pois/Air  0%         N/A       83%         3
 Freezing Cloud           Conj/Ice/Air   0%         6-21      100%        5


Dungeon Overview and Level Annotations

Branches:
Dungeon (1/15)

Altars:

Shops:
D:1 (


Innate Abilities, Weirdness & Mutations

You cannot wear most types of armour.
You are amphibious.
You can wear up to eight rings at the same time.
Your skin changes colour to match your surroundings (Stealth+).
Your rubbery body absorbs attacks. (AC +1, EV +1)
((You are camouflaged when in or above water. (Stealth+)))
You have tentacles for arms and can constrict up to eight enemies at once.


Message History

You hit the jackal.
You kill the jackal!
You barely miss the hobgoblin. You closely miss the jackal.
You closely miss the goblin. The jackal barely misses you.
The quokka twitches its whiskers.
The hobgoblin hits you. The goblin closely misses you. The jackal misses you.
The jackal barely misses you.
Your Axes skill increases to level 3!
You hit the hobgoblin.
You kill the hobgoblin!
You hit the jackal. You closely miss the goblin. You barely miss the jackal.
The jackal bites you but does no damage.
The goblin hits you with a +1 dagger of venom.
The jackal barely misses you. The jackal bites you. The quokka misses you.
The jackal barely misses you.
The goblin hits you with a +1 dagger of venom.
* * * LOW HITPOINT WARNING * * *
You are too injured to fight recklessly!
Unknown command.
You are too injured to fight recklessly!
Unknown command.
The jackal closely misses you.
Okay, then.
You hit the jackal.
You kill the jackal!
You block the jackal's attack.
You hit the jackal. Your grab misses the jackal.
The jackal is almost dead.
You closely miss the goblin. The jackal misses you.
The goblin hits you with a +1 dagger of venom.
* * * LOW HITPOINT WARNING * * *
The jackal bites you but does no damage.
Unknown command.
You hit the goblin. Your grab misses the goblin.
The goblin is severely wounded.
You hit the jackal.
You kill the jackal!
You block the goblin's attack. The goblin misses you.
The goblin hits you with a +1 dagger of venom.
You die...

..........# ............
..........$ ......... ..
....# #. ..>### #####.#
#††..####
.......##........
#..@gr.......
#####..g#........ >#
................. #..
#######.#........ #...
#.#........ .....
#.#....#### .....
#.#....#
..##.###########.#######
..##...........#.......#


You could see a quokka and 2 goblins.

Vanquished Creatures
  An endoplasm (D:1)
  A giant cockroach (D:1)
  A hobgoblin (D:1)
  4 jackals (D:1)
  A quokka (D:1)
  3 ball pythons (D:1)
  A frilled lizard (D:1)
  2 goblins (D:1)
  2 kobolds (D:1)
16 creatures vanquished.

Notes
Turn   | Place    | Note
-------+----------+-------------------------------------------
     0 | D:1      | Kurtz the Octopode Fighter began the quest for the Orb.
     0 | D:1      | Reached XP level 1. HP: 16/16 MP: 1/1
     1 | D:1      | Noticed a minotaur zombie
     6 | D:1      | Noticed a merfolk zombie
     8 | D:1      | Noticed a minotaur zombie
    13 | D:1      | Noticed a minotaur zombie
    13 | D:1      | Noticed a merfolk zombie
    15 | D:1      | Noticed a demonspawn zombie
    15 | D:1      | Noticed a merfolk zombie
    38 | D:1      | Found Exasmos's Antique Weapon Boutique.
   218 | D:1      | Reached XP level 2. HP: 21/21 MP: 2/2
   272 | D:1      | Slain by a goblin

Illustrated notes

Levels and vault maps discovered:
D:1:      shiori_arrival_whats_in_store_for_you, layout_rooms, serial_shops,
          shop, serial_bayou_pond_b, chequers_serial_rivers_room_a,
          corner_web_ring

Skill      XL: |  1  2 |
---------------+-------+-----
Axes           | 3 |  3.1
Fighting       | |  3.0
Dodging        | |  3.0
Shields        | |  3.0

Action                     || total
---------------------------++-------
  Melee: War axe           ||    25
         Tentacles         ||     4
         Constrict         ||     3
   Stab: Sleeping          ||     3
 Armour: Skin              ||    23
  Dodge: Dodged            ||    27
  Block: Buckler           ||     8

Table legend: (Time is in decaauts)
 A = Elapsed time spent in this place.
 B = Non-inter-level travel time spent in this place.
 C = Inter-level travel time spent in this place.
 D = Time resting spent in this place.
 E = Time spent auto-exploring this place.
 F = Levels seen in this place.
 G = Mean time per level.
                   A        B        C        D        E       F      G
               +--------+--------+--------+--------+--------+-----+--------+
         Total |    281 |    281 |      0 |     53 |    154 |   1 |  281.0 |
       Dungeon |    281 |    281 |      0 |     53 |    154 |   1 |  281.0 |
               +--------+--------+--------+--------+--------+-----+--------+

Top non-repeatable levels by time:
     D:1: 281 daAuts
